[Event "*** Titled Tuesday Blitz"]
[Site "Chess.com"]
[Date "2020.05.12"]
[Round "2"]
[White "platy3"]
[Black "GreatOwl02"]
[Result "1-0"]
[WhiteElo "2739"]
[BlackElo "2333"]
[TimeControl "180+1"]
[EndTime "10:14:43 PDT"]
[Termination "platy3 won by resignation"]

1. e4 c5 2. Nf3 d6 3. d4 cxd4 4. Nxd4 Nf6 5. Nc3 a6 6. Be2 e6 7. O-O Be7 8. f4 O-O 9. Be3 Qc7 10. g4 b5 11. g5 Nfd7 12. f5 b4 13. fxe6 bxc3 14.
Rxf7 Ne5 15. b3 Nxf7 16. exf7+ Rxf7 17. Bc4 Nc6 18. Nxc6 Qxc6 19. Qh5 Qe8 20. Rf1 g6 21. Qf3 1-0

[Event "*** Titled Tuesday Blitz"]
[Site "Chess.com"]
[Date "2020.05.12"]
[Round "2"]
[White "Playgood28"]
[Black "Keithonsky"]
[Result "1-0"]
[WhiteElo "2239"]
[BlackElo "2437"]
[TimeControl "180+1"]
[EndTime "10:14:45 PDT"]
[Termination "Playgood28 won by resignation"]

1. d4 Nf6 2. c4 e6 3. Nc3 Bb4 4.
Qc2 O-O 5. a3 Bxc3+ 6. Qxc3 d5 7. e3 b6 8. Nf3 Bb7 9. b4 dxc4 10. Bxc4 Nbd7 11. Bb2 Rc8 12. O-O c5 13. dxc5 bxc5 14. b5 Nb6 15. a4 Bxf3 16. gxf3 Nh5 17. Kh1 Qh4 18. Rg1 Nf6 19. Qxf6 Qxf6 20. Bxf6 g6 21. Rgc1 Nd5 22. Bxd5 exd5 23. Be7 Rfe8 24. Bxc5 1-0

[Event "*** Titled Tuesday Blitz"]
[Site "Chess.com"]
[Date "2020.05.12"]
[Round "2"]
[White "Micki-taryan"]
[Black "Klaus1995"]
[Result "1-0"]
[WhiteElo "3059"]
[BlackElo "1780"]
[TimeControl "180+1"]
[EndTime "10:14:47 PDT"]
[Termination "Micki-taryan won by resignation"]

1. d4 Nf6 2. Nf3 e6 3. c4 d5 4. Nc3 a6 5. c5 b6 6. cxb6 cxb6 7. Bf4 Bd6 8. e3 O-O 9. Bd3 h6 10. O-O Nc6 11. Rc1 Bb7 12. Bb1 Rc8 13. Ne5 Qc7 14. Na4 b5 15. Nc5 Bxc5 16. Rxc5 Qb6 17. Qd3 Nb4 18. Qc3 a5 19. Rc1 Rxc5 20. dxc5 Qa6 21. c6 Rc8 22. cxb7 Rxc3 23. b8=Q+ 1-0

[Event "*** Titled Tuesday Blitz"]
[Site "Chess.com"]
[Date "2020.05.12"]
[Round "2"]
[White "Dinamo81"]
[Black "archess2"]
[Result "1-0"]
[WhiteElo "2615"]
[BlackElo "2315"]
[TimeControl "180+1"]
[EndTime "10:14:48 PDT"]
[Termination "Dinamo81 won by resignation"]

1. d4 d5 2. Bf4 c5 3. e3 Nc6 4. Nc3 Nf6 5. Nb5 e5 6. dxe5 Ng4 7. Qxd5 Qa5+ 8. c3 Be6 9. Qe4 O-O-O 10. Nf3 a6 11. Nd6+ Bxd6 12. exd6 Rhe8 13. Bc4 Bxc4 14. Qxc4 Nge5 15. Nxe5 Nxe5 16. Bxe5 Rxe5 17. Qxf7 Rxd6 18.
O-O Rg6 19. Rad1 Reg5 20. Qe8+ Kc7 21. Qd8+ 1-0

[Event "*** Titled Tuesday Blitz"]
[Site "Chess.com"]
[Date "2020.05.12"]
[Round "2"]
[White "NefeLV"]
[Black "Ceejay271"]
[Result "0-1"]
[WhiteElo "1795"]
[BlackElo "2354"]
[TimeControl "180+1"]
[EndTime "10:14:48 PDT"]
[Termination "Ceejay271 won by resignation"]

1. e4 c5 2. f4 d5 3. e5 Nc6 4. Nf3 h5 5. c3 d4 6. Bd3 Nh6 7. Qc2 g6 8. Bxg6 Bg4 9. Be4 e6 10. g3 Nf5 11. Na3 h4 12. Bxf5 Bxf5 13. d3 hxg3 14.
cxd4 Nxd4 15. Nxd4 Qxd4 16. Nb5 Qb4+ 17. Nc3 O-O-O 0-1

[Event "*** Titled Tuesday Blitz"]
[Site "Chess.com"]
[Date "2020.05.12"]
[Round "2"]
[White "PlayChessSimple"]
[Black "Semen_Khanin"]
[Result "1-0"]
[WhiteElo "2492"]
[BlackElo "2694"]
[TimeControl "180+1"]
[EndTime "10:14:49 PDT"]
[Termination "PlayChessSimple won by resignation"]

1. e4 c5 2. Nf3 e6 3. c3 d5 4. e5 Nc6 5. d4 Bd7 6. Be2 f6 7. O-O fxe5 8. dxe5 Qc7 9. c4 Nge7 10. Nc3 d4 11.
Nb5 Qb6 12. Nd6+ Kd8 13. Nf7+ Kc7 14. Nxh8 Be8 15. Ng5 Nxe5 16. Bf4 Qd6 17. Nhf7 Bxf7 18. Nxf7 Nf3+ 19. Bxf3 Qxf4 20. Qb3 Nc6 21. Bxc6 bxc6 22. Qg3 Qxg3 23. fxg3 Be7 24. Rae1 1-0

[Event "*** Titled Tuesday Blitz"]
[Site "Chess.com"]
[Date "2020.05.12"]
[Round "2"]
[White "eightbyeightchess"]
[Black "NotFischer"]
[Result "1-0"]
[WhiteElo "2401"]
[BlackElo "2102"]
[TimeControl "180+1"]
[EndTime "10:14:53 PDT"]
[Termination "eightbyeightchess won by resignation"]

1. e4 c5 2. Nf3 e6 3. d4 cxd4 4. Nxd4 a6 5. Nc3 Nc6 6. Nxc6 bxc6 7. Bd3 e5 8. O-O Nf6 9. Kh1 Be7 10. f4 d6 11. Qe1 Qb6 12. fxe5 dxe5 13. Qg3 O-O 14. Bh6 Nh5 15. Qxe5 gxh6 16. Qxe7 Qxb2 17. Bc4 Qxc3 18. Bxf7+ Kg7 19. Be8+ 1-0

[Event "*** Titled Tuesday Blitz"]
[Site "Chess.com"]
[Date "2020.05.12"]
[Round "2"]
[White "halfnatty"]
[Black "binbin239"]
[Result "1-0"]
[WhiteElo "2746"]
[BlackElo "2498"]
[TimeControl "180+1"]
[EndTime "10:14:57 PDT"]
[Termination "halfnatty won by resignation"]

1. e4 c5 2. Nf3 Nc6 3. Bb5 g6 4. Bxc6 bxc6 5. O-O Bg7 6. Re1 Nf6 7. e5 Nd5 8. c4 Nb6 9. d4 cxd4 10. Qxd4 O-O 11. Qh4 d5 12. Bh6 f6 13. Bxg7 Kxg7 14. Nbd2 Bf5 15. c5 Nd7 16. b4 g5 17. Qg3 h6 18.
e6 Nb8 19. Nd4 Bg6 20. f4 a5 21. h4 gxf4 22. Qxf4 axb4 23. Re3 Rg8 24. h5 Bxh5 25. Nf5+ Kf8 26. Qxh6+ Ke8 27. Qxh5+ 1-0

[Event "*** Titled Tuesday Blitz"]
[Site "Chess.com"]
[Date "2020.05.12"]
[Round "2"]
[White "Twitch_ElhamBlitz05"]
[Black "EddieMarsalla"]
[Result "1-0"]
[WhiteElo "2806"]
[BlackElo "2524"]
[TimeControl "180+1"]
[EndTime "10:14:58 PDT"]
[Termination "Twitch_ElhamBlitz05 won by resignation"]

1. e4 c6 2. d4 d5 3. Nd2 dxe4 4. Nxe4 Nf6 5. Nxf6+ exf6 6. c3 Bd6 7. Bd3 Qc7 8.
Qc2 Be6 9. Ne2 Nd7 10. Be3 g6 11. h3 f5 12. Bh6 O-O-O 13. O-O-O Qa5 14. b3 Ba3+ 15. Kb1 Nf6 16. b4 Qb6 17. Qa4 Ne4 18. Bxe4 fxe4 19. Qxa3 Bc4 20. Nc1 f5 1-0

[Event "*** Titled Tuesday Blitz"]
[Site "Chess.com"]
[Date "2020.05.12"]
[Round "2"]
[White "Munkhzul_Turmunkh"]
[Black "pfalcon1949"]
[Result "1-0"]
[WhiteElo "2467"]
[BlackElo "1990"]
[TimeControl "180+1"]
[EndTime "10:14:58 PDT"]
[Termination "Munkhzul_Turmunkh won by resignation"]

1. e4 e6 2. d4 d5 3. Nc3 Bb4 4. e5 c5 5. a3 Bxc3+ 6. bxc3 Qa5 7. Bd2 Qa4 8. Qg4 Kf8 9. Qd1 Ne7 10. Nf3 Nbc6 11. Be3 b6 12. Be2 Ba6 13. O-O Bxe2 14. Qxe2 c4 15. g4 h6 16. Nh4 Ke8 17. f4 g6 18. f5 gxf5 19. gxf5 Kd7 20. fxe6+ fxe6 21. Rf6 Raf8 22. Raf1 Rhg8+ 23. Kh1 Rxf6 24. exf6 Nc8 25. f7 Rf8 26. Bxh6 Qxa3 27. Bxf8 Qxf8 28. Ng6 1-0

[Event "*** Titled Tuesday Blitz"]
[Site "Chess.com"]
[Date "2020.05.12"]
[Round "2"]
[White "GiorgianBarbosa"]
[Black "FMJoseHerrera"]
[Result "0-1"]
[WhiteElo "2265"]
[BlackElo "2620"]
[TimeControl "180+1"]
[EndTime "10:14:59 PDT"]
[Termination "FMJoseHerrera won by resignation"]

1. Nf3 Nf6 2. g3 g6 3. Bg2 Bg7 4. O-O d6 5. c4 h5 6. h4 Nc6 7. d4 Bg4 8. d5 Nb8 9. Nc3 O-O 10. Bg5 Qd7 11. Qd2 Bh3 12. Bh6 Bxg2 13. Kxg2 Ng4 14. Bxg7 Kxg7 15. Qd4+ Kg8 16. e4 f6 17. Qd2 c5 18. Ne1 f5 19. Qg5 Kg7 20. Nd3 fxe4 21. Nxe4 Rf5 22. Qd2 b5 23. Qb4 cxb4 0-1

[Event "*** Titled Tuesday Blitz"]
[Site "Chess.com"]
[Date "2020.05.12"]
[Round "2"]
[White "vizumatv4hoda"]
[Black "Sergey85Rodchenkov"]
[Result "1-0"]
[WhiteElo "2737"]
[BlackElo "2495"]
[TimeControl "180+1"]
[EndTime "10:15:00 PDT"]
[Termination "vizumatv4hoda won by resignation"]

1. e4 c5 2. c3 Nf6 3. e5 Nd5 4. d4 cxd4 5. Nf3 e6 6. cxd4 b6 7. Nc3 Nxc3 8. bxc3 Qc7 9. Bd2 Bb7 10. Bd3 d6 11.
O-O Nd7 12. Bf4 Be7 13. Re1 O-O 14. Rc1 Rac8 15. Qe2 Rfd8 16. Ng5 Bxg5 17. Bxg5 Re8 18. Qh5 Nf8 19. Re3 dxe5 20. dxe5 Ng6 21. Rh3 h6 22. Bxh6 gxh6 23. Rg3 1-0

[Event "*** Titled Tuesday Blitz"]
[Site "Chess.com"]
[Date "2020.05.12"]
[Round "2"]
[White "Lawliet64"]
[Black "plumalka"]
[Result "0-1"]
[WhiteElo "2180"]
[BlackElo "2437"]
[TimeControl "180+1"]
[EndTime "10:15:00 PDT"]
[Termination "plumalka won by resignation"]

1. e4 c5 2. Nc3 Nc6 3. Bc4 g6 4. d3 Bg7 5. f4 e6 6. Nf3 Nge7 7. Bb3 O-O 8. O-O d5 9. Qe1 b6 10. Bd2 Bb7 11. Qh4 Nd4 12. exd5 Nxd5 13. Qh3 Nxc3 14. Bxc3 Ne2+ 15. Kh1 Nxc3 16. bxc3 Bxc3 17. Ng5 h5 18. Rae1 Bxe1 19. Rxe1 Bd5 20. c4 Bb7 21. Bd1 Qf6 22.
Re3 Qxf4 0-1

[Event "*** Titled Tuesday Blitz"]
[Site "Chess.com"]
[Date "2020.05.12"]
[Round "2"]
[White "fridaywins"]
[Black "Bossche-CM"]
[Result "1-0"]
[WhiteElo "2227"]
[BlackElo "2431"]
[TimeControl "180+1"]
[EndTime "10:15:04 PDT"]
[Termination "fridaywins won on time"]

1. e4 c5 2. Nf3 e6 3. c3 Nf6 4.
e5 Nd5 5. d4 cxd4 6. cxd4 b6 7.
Nc3 Nxc3 8. bxc3 Qc7 9. Bd2 d6 10. Bb5+ Bd7 11. Qe2 Bxb5 12. Qxb5+ Qc6 13. Qd3 1-0

[Event "*** Titled Tuesday Blitz"]
[Site "Chess.com"]
[Date "2020.05.12"]
[Round "2"]
[White "Perecke"]
[Black "AnkitGajwa"]
[Result "0-1"]
[WhiteElo "2198"]
[BlackElo "2436"]
[TimeControl "180+1"]
[EndTime "10:15:05 PDT"]
[Termination "AnkitGajwa won by resignation"]

1. e4 d5 2. exd5 Nf6 3. d4 Nxd5 4. c4 Nb6 5. Nf3 g6 6. Be3 Bg7 7. h3 O-O 8. Nc3 Nc6 9. Be2 e5 10. d5 Na5 11. Bxb6 axb6 12. b4 e4 13. Nxe4 Qe7 14.
Ng3 Qxb4+ 15. Kf1 Bxa1 16. Qxa1 Nxc4 17. Ne4 Qb2 18. Qe1 Rxa2 19. Bxc4 Ra1 20. Nfd2 Rxe1+ 21. Kxe1 Qc1+ 22. Ke2 Qxh1 0-1

[Event "*** Titled Tuesday Blitz"]
[Site "Chess.com"]
[Date "2020.05.12"]
[Round "2"]
[White "Fy_Rakotomaharo"]
[Black "Tacticusbd"]
[Result "1-0"]
[WhiteElo "2640"]
[BlackElo "2361"]
[TimeControl "180+1"]
[EndTime "10:15:15 PDT"]
[Termination "Fy_Rakotomaharo won by resignation"]

1. e4 e6 2. d4 d5 3. Nc3 Nf6 4. Bg5 dxe4 5. Nxe4 Be7 6. Bxf6 Bxf6 7. Nf3 Nd7 8. Bc4 b6 9. Qe2 Bb7 10. O-O-O O-O 11. h4 Be7 12. Neg5 h6 13. Nxf7 Rxf7 14. Qxe6 Qe8 15. Rhe1 Kf8 16. Qg6 Bxf3 17. gxf3 Nf6 18. Re5 c6 19. Rde1 1-0

[Event "*** Titled Tuesday Blitz"]
[Site "Chess.com"]
[Date "2020.05.12"]
[Round "2"]
[White "ManuDavid2910"]
[Black "serhanberat_ozdemir"]
[Result "1/2-1/2"]
[WhiteElo "2712"]
[BlackElo "2493"]
[TimeControl "180+1"]
[EndTime "10:15:23 PDT"]
[Termination "Game drawn by agreement"]

1. e4 c5 2. Nf3 e6 3. Nc3 a6 4.
g3 d5 5. exd5 exd5 6. d4 Nf6 7.
Bg2 Be7 8. O-O O-O 9. Re1 Nc6 10.
h3 Be6 11. Be3 b6 12. Ne5 Rc8 13. Nxc6 Rxc6 14. Qe2 b5 15. dxc5 Bxc5 16. Rad1 Qc8 17.
Nxd5 Bxd5 18. Bxd5 Nxd5 19. Rxd5 Bxe3 20. Qxe3 Rxc2 1/2-1/2

[Event "*** Titled Tuesday Blitz"]
[Site "Chess.com"]
[Date "2020.05.12"]
[Round "2"]
[White "MacDaddyMac"]
[Black "pedromartinez91"]
[Result "0-1"]
[WhiteElo "2278"]
[BlackElo "2507"]
[TimeControl "180+1"]
[EndTime "10:15:23 PDT"]
[Termination "pedromartinez91 won by checkmate"]

1. e4 e6 2. d4 d5 3. Nc3 Nf6 4. Bg5 h6 5. Bxf6 Qxf6 6. exd5 Bb4 7. dxe6 Bxe6 8. Nf3 O-O 9. Be2 Rd8 10. O-O Bxc3 11.
bxc3 c5 12. Qb1 Nc6 13. Rd1 cxd4 14. cxd4 Nxd4 15. Nxd4 Rxd4 16. Qxb7 Bd5 17. Qd7 Rd8 18. Qxd8+ Qxd8 19. Rxd4 Qf6 20. Rad1 Bxa2 21. Rd8+ Kh7 22. h3 Be6 23. Ra8 Qe7 24. Rdd8 g6 25. Bd3 Kg7 26. Rd4 h5 27. Ra4 Qg5 28. Kh2 Qe5+ 29. g3 Bd5 30. R8xa7 Qe1 31. Rf4 Qh1# 0-1

[Event "*** Titled Tuesday Blitz"]
[Site "Chess.com"]
[Date "2020.05.12"]
[Round "2"]
[White "Alohamora11"]
[Black "ketster"]
[Result "0-1"]
[WhiteElo "2485"]
[BlackElo "2287"]
[TimeControl "180+1"]
[EndTime "10:15:23 PDT"]
[Termination "ketster won by checkmate"]

1. e4 e5 2. Nf3 Nc6 3. d4 exd4 4. Nxd4 Bb4+ 5. c3 Bc5 6. Be3 Bb6 7. Nf5 g6 8. Nd4 Qe7 9. Nxc6 dxc6 10. Bxb6 axb6 11. Bd3 Be6 12. Nd2 Rd8 13. Qc2 Nf6 14. O-O Qd7 15. e5 Qxd3 16. Qa4 Qxd2 17. exf6 Qg5 18. Rad1 O-O 19. Qa7 Qxf6 20. Qxb7 Rxd1 21. Rxd1 Rd8 22. Re1 Rd2 23. f3 Qg5 24. g3 Qc5+ 25. Kh1 Qf2 26. Rg1 Qxh2# 0-1

[Event "*** Titled Tuesday Blitz"]
[Site "Chess.com"]
[Date "2020.05.12"]
[Round "2"]
[White "Nagimov_Artiom"]
[Black "tgpgoat"]
[Result "1-0"]
[WhiteElo "2398"]
[BlackElo "2094"]
[TimeControl "180+1"]
[EndTime "10:15:23 PDT"]
[Termination "Nagimov_Artiom won by resignation"]

1. d4 Nf6 2. Nf3 d5 3. c4 c6 4. e3 e6 5. Nc3 Bd6 6. Qc2 Nbd7 7.
b3 b6 8. Be2 Bb7 9. O-O O-O 10.
Bb2 Rc8 11. Rad1 a6 12. Rfe1 c5 13. cxd5 Nxd5 14. Nxd5 Bxd5 15. e4 cxd4 16. Qb1 Bb7 17. Bxd4 Qe7 18. h3 Bc5 19. e5 Bxd4 20. Rxd4 Rfd8 21.
Red1 Nc5 22. b4 Nd7 23. Qd3 Bc6 24. Qxa6 Bxf3 25. Bxf3 Nxe5 26. Be2 Rxd4 27. Rxd4 Rc1+ 28. Kh2 Qc7 29. g3 Rc2 30. Qa8+ Qc8 31. Rd8+ 1-0

[Event "*** Titled Tuesday Blitz"]
[Site "Chess.com"]
[Date "2020.05.12"]
[Round "2"]
[White "LizaSolovyova"]
[Black "1f3_2g41-0"]
[Result "1-0"]
[WhiteElo "2582"]
[BlackElo "2304"]
[TimeControl "180+1"]
[EndTime "10:15:25 PDT"]
[Termination "LizaSolovyova won by checkmate"]

1. d4 Nf6 2. c4 g6 3. Nc3 d5 4. e4 dxe4 5. f3 exf3 6. Nxf3 Bg7 7. Bg5 O-O 8. Be2 b6 9. Qd2 Bb7 10. O-O-O Nbd7 11. Bh6 Bxh6 12. Qxh6 Ng4 13. Qh4 Ne3 14. Rd3 Nxc4 15. Ng5 Nf6 16. Rf1 h5 17. g4 Kg7 18.
gxh5 Rh8 19. Qg3 Rh6 20. hxg6 Rxg6 21. Rg1 Nd6 22. Ne6+ fxe6 23. Qxg6+ Kf8 24. Rh3 Nf7 25. Bh5 Nxh5 26. Qg8# 1-0

[Event "*** Titled Tuesday Blitz"]
[Site "Chess.com"]
[Date "2020.05.12"]
[Round "2"]
[White "Grineva_Marianna"]
[Black "aa175"]
[Result "0-1"]
[WhiteElo "2104"]
[BlackElo "2402"]
[TimeControl "180+1"]
[EndTime "10:15:27 PDT"]
[Termination "aa175 won by checkmate"]

1. d4 e5 2. dxe5 Nc6 3. Nf3 Qe7 4. Nc3 Nxe5 5. e3 Nxf3+ 6. Qxf3 Nf6 7. Bd2 g6 8. Bc4 Bg7 9. O-O-O O-O 10. h3 c6 11.
g4 d5 12. Bd3 Be6 13. Qg3 b5 14. f4 b4 15. Ne2 Ne4 16. Bxe4 dxe4 17. Nd4 Bxa2 18. f5 c5 19. Ne2 Qf6 20. c3 Qa6 21.
cxb4 Qxe2 22. bxc5 Qc4+ 23. Bc3 Bxc3 24. fxg6 Bb4# 0-1

[Event "*** Titled Tuesday Blitz"]
[Site "Chess.com"]
[Date "2020.05.12"]
[Round "2"]
[White "Caisachess"]
[Black "hedgehog280"]
[Result "1/2-1/2"]
[WhiteElo "2309"]
[BlackElo "2614"]
[TimeControl "180+1"]
[EndTime "10:15:30 PDT"]
[Termination "Game drawn by agreement"]

1. e4 c5 2. c3 g6 3. d4 d5 4. exd5 Qxd5 5. Nf3 Bg7 6. Be3 cxd4 7. Nxd4 Nc6 8.
Nxc6 Qxc6 9. Nd2 Nf6 10. Nf3 O-O 11. Be2 Qc7 12. h3 Bf5 13. O-O Rfd8 14. Qa4 h6 15. Rad1 Nd5 16. Bc1 Nb6 17. Qa3 e5 18. Be3 Nc4 19. Bxc4 Qxc4 20. Rxd8+ Rxd8 21. Qxa7 b5 22. a3 Qb3 23. Qe7 Rd5 24. Qb4 Qc2 25.
Rc1 Qe2 26. Re1 Qc2 27. Rc1 1/2-1/2

[Event "*** Titled Tuesday Blitz"]
[Site "Chess.com"]
[Date "2020.05.12"]
[Round "2"]
[White "CalinGheorghiu"]
[Black "NicoChasin"]
[Result "0-1"]
[WhiteElo "2320"]
[BlackElo "2639"]
[TimeControl "180+1"]
[EndTime "10:15:30 PDT"]
[Termination "NicoChasin won by resignation"]

1. e4 c5 2. Nf3 e6 3. g3 Nc6 4. Bg2 Nf6 5. Qe2 d5 6. e5 Nd7 7. O-O Be7 8. c3 b6 9. a4 a5 10.
Na3 O-O 11. Nb5 Na7 12. d4 Nxb5 13. axb5 f6 14. exf6 Nxf6 15. Ne5 Bd6 16. b3 Nd7 17. f4 Nxe5 18. fxe5 Rxf1+ 19. Qxf1 Be7 20. Be3 cxd4 21.
Bxd4 Bc5 22. Bxc5 bxc5 23. c4 Bb7 24. Qd3 Qb6 25. cxd5 c4+ 0-1

[Event "*** Titled Tuesday Blitz"]
[Site "Chess.com"]
[Date "2020.05.12"]
[Round "2"]
[White "AndrewMaco"]
[Black "agrigo3"]
[Result "1-0"]
[WhiteElo "2542"]
[BlackElo "2288"]
[TimeControl "180+1"]
[EndTime "10:15:30 PDT"]
[Termination "AndrewMaco won on time"]

1. e4 d6 2. d4 Nf6 3. Bd3 e5 4. c3 d5 5. dxe5 Nxe4 6. Nf3 Nc6 7. O-O Nc5 8. Be2 Bg4 9. Nbd2 Ne6 10. Nb3 Be7 11.
Nfd4 Bxe2 12. Qxe2 Ncxd4 13. cxd4 Qd7 14. f4 O-O-O 15.
f5 Ng5 16. f6 gxf6 17. exf6 Bxf6 18. Rxf6 Rde8 19. Qf1 Rhg8 20. Bxg5 Rxg5 21. Re1 Reg8 22. Re2 R8g7 23. Nc5 Qb5 24. a4 1-0

[Event "*** Titled Tuesday Blitz"]
[Site "Chess.com"]
[Date "2020.05.12"]
[Round "2"]
[White "BogdanBelyakov89"]
[Black "joppie2"]
[Result "0-1"]
[WhiteElo "2550"]
[BlackElo "2870"]
[TimeControl "180+1"]
[EndTime "10:15:36 PDT"]
[Termination "joppie2 won by resignation"]

1. e4 e5 2. Nf3 Nc6 3. c3 Nf6 4. d4 exd4 5. e5 Nd5 6. cxd4 Bb4+ 7.
Bd2 d6 8. Bb5 O-O 9. O-O Bg4 10.
Bxc6 bxc6 11. exd6 Bxd6 12. Nc3 Re8 13. h3 Bh5 14.
Re1 Rxe1+ 15. Bxe1 Qf6 16. Ne4 Qg6 17. Nxd6 Nf4 18.
Nh4 Qxd6 19. Qb3 Qf6 20. f3 g5 21. g4 gxh4 22. gxh5 Qg5+ 23. Kf2 Re8 0-1

[Event "*** Titled Tuesday Blitz"]
[Site "Chess.com"]
[Date "2020.05.12"]
[Round "2"]
[White "GothamChess"]
[Black "MisiekZielony"]
[Result "1-0"]
[WhiteElo "2590"]
[BlackElo "2121"]
[TimeControl "180+1"]
[EndTime "10:15:39 PDT"]
[Termination "GothamChess won by resignation"]

1. e4 Nf6 2. e5 Nd5 3. c4 Nb6 4. a4 a5 5. Ra3 d6 6. exd6 cxd6 7. Rg3 g6 8. h4 h5 9. Nc3 Nc6 10. d4 Bg7 11. Be3 Bf5 12. Bd3 Bxd3 13. Qxd3 e5 14. d5 Nb4 15. Qe2 Nd7 16. Nf3 O-O 17. O-O Rc8 18.
Nb5 Nc5 19. Ng5 Nxa4 20. Ne4 Nc5 21. Nexd6 Ne4 22. Nxe4 1-0

[Event "*** Titled Tuesday Blitz"]
[Site "Chess.com"]
[Date "2020.05.12"]
[Round "2"]
[White "amaidel"]
[Black "rasmussvane"]
[Result "0-1"]
[WhiteElo "2560"]
[BlackElo "2911"]
[TimeControl "180+1"]
[EndTime "10:15:40 PDT"]
[Termination "rasmussvane won by resignation"]

1. e4 c6 2. d4 d5 3. Nd2 dxe4 4. Nxe4 Nf6 5. Nxf6+ exf6 6. Nf3 Bd6 7. Be2 O-O 8. O-O Re8 9. c4 Nd7 10. Be3 Nf8 11.
Qd2 Ng6 12. Rfe1 Bf5 13. Rad1 Be4 14. b4 Qd7 15. d5 cxd5 16. cxd5 a6 17. a3 Rad8 18.
Bb6 Rc8 19. Qd4 Nf4 20. Bf1 Qg4 21. Nd2 Bxg2 0-1

[Event "*** Titled Tuesday Blitz"]
[Site "Chess.com"]
[Date "2020.05.12"]
[Round "2"]
[White "Pomegranate988"]
[Black "kinga2008"]
[Result "0-1"]
[WhiteElo "2512"]
[BlackElo "2217"]
[TimeControl "180+1"]
[EndTime "10:15:41 PDT"]
[Termination "kinga2008 won on time"]

1. d4 Nf6 2. c4 g6 3. Nc3 d6 4.
e4 Bg7 5. Nf3 O-O 6. h3 Nbd7 7.
Be2 e5 8. d5 Nc5 9. Qc2 Nfd7 10. g4 f5 11. gxf5 gxf5 12. Rg1 Kh8 13. Ng5 f4 14. b4 h6 0-1

[Event "*** Titled Tuesday Blitz"]
[Site "Chess.com"]
[Date "2020.05.12"]
[Round "2"]
[White "Andrii_Prydun"]
[Black "Ashedu66"]
[Result "1-0"]
[WhiteElo "2408"]
[BlackElo "2128"]
[TimeControl "180+1"]
[EndTime "10:15:42 PDT"]
[Termination "Andrii_Prydun won by resignation"]

1. d4 d6 2. Nc3 g6 3. e3 Nf6 4. Bc4 Bg7 5. Nge2 O-O 6. O-O Nc6 7. a3 e5 8. Re1 d5 9. Ba2 e4 10. Nf4 Ne7 11. f3 g5 12. Nfxd5 Nexd5 13. Nxd5 Nxd5 14.
fxe4 Ne7 15. Qh5 Ng6 16. Rf1 Qe7 17. e5 Kh8 18. e4 Nf4 19. Bxf4 gxf4 20. Rxf4 f6 21.
Raf1 Bd7 22. exf6 Rxf6 23. Rxf6 Bxf6 24. e5 Rf8 25. exf6 Rxf6 26. Qe5 Kg7 27. Qxe7+ 1-0

[Event "*** Titled Tuesday Blitz"]
[Site "Chess.com"]
[Date "2020.05.12"]
[Round "2"]
[White "yobdc"]
[Black "Bathory44"]
[Result "0-1"]
[WhiteElo "1781"]
[BlackElo "2587"]
[TimeControl "180+1"]
[EndTime "10:15:43 PDT"]
[Termination "Bathory44 won by resignation"]

1. c4 Nf6 2. Nc3 g6 3. e4 d6 4. d4 Bg7 5. Be2 O-O 6. Bg5 Na6 7. Qd2 e5 8. d5 Nc5 9. f3 a5 10. h4 c6 11. h5 cxd5 12. cxd5 a4 13. Nh3 Qa5 14. Nf2 a3 15. b3 Nxh5 16. Rxh5 gxh5 17. Be7 Re8 18. Bg5 Bd7 19. Rb1 Qb4 20. Nfd1 f5 21. Bh6 Re7 22. Qg5 Rf7 23. f4 Nxe4 24. Qxh5 Nxc3 0-1

[Event "*** Titled Tuesday Blitz"]
[Site "Chess.com"]
[Date "2020.05.12"]
[Round "2"]
[White "MFBerna"]
[Black "bmt011"]
[Result "1-0"]
[WhiteElo "2387"]
[BlackElo "2046"]
[TimeControl "180+1"]
[EndTime "10:15:45 PDT"]
[Termination "MFBerna won by resignation"]

1. d4 Nf6 2. Nf3 e6 3. g3 b6 4. Bg2 Bb7 5. O-O Be7 6. c4 O-O 7. Nc3 d5 8. Ne5 c5 9. cxd5 exd5 10. Bf4 Nh5 11. Be3 c4 12. Nxc4 Na6 13. Ne5 f5 14.
Qb3 Nf6 15. Bg5 Nc7 16. Rac1 Kh8 17. Bh3 Ne4 18. Bxe7 Qxe7 19. Nxe4 fxe4 20. Nd7 Rfc8 21. Nc5 bxc5 22. Qxb7 Rcb8 23. Qc6 Rb6 24. Qxc5 Qxc5 25.
Rxc5 Na6 26. Rxd5 Rxb2 27. Ra5 Nb4 28. Rc1 Rxe2 29. Rxa7 Rf8 30. Rf7 Rg8 31. a4 Rxf2 32. Rxf2 1-0

[Event "*** Titled Tuesday Blitz"]
[Site "Chess.com"]
[Date "2020.05.12"]
[Round "2"]
[White "patchi0423"]
[Black "Maybe00"]
[Result "0-1"]
[WhiteElo "2340"]
[BlackElo "2836"]
[TimeControl "180+1"]
[EndTime "10:15:46 PDT"]
[Termination "Maybe00 won by resignation"]

1. d4 d5 2. c4 c6 3. Nf3 Nf6 4. Nc3 e6 5. e3 Nbd7 6. Qc2 b6 7. b3 Bb7 8. Be2 Bd6 9. O-O O-O 10. cxd5 cxd5 11.
Nb5 Be7 12. Ba3 a6 13. Bxe7 Qxe7 14. Qc7 Rab8 15. Nd6 Ne8 16. Nxe8 Rfxe8 17. Rfc1 Rec8 18. Ne5 Rxc7 19. Rxc7 Bc8 20. Rac1 Qd8 21. Nd3 Bb7 22. Nb4 Nc5 0-1

[Event "*** Titled Tuesday Blitz"]
[Site "Chess.com"]
[Date "2020.05.12"]
[Round "2"]
[White "Yurovskykh_Oleksandr"]
[Black "dopolian"]
[Result "0-1"]
[WhiteElo "2561"]
[BlackElo "2314"]
[TimeControl "180+1"]
[EndTime "10:15:47 PDT"]
[Termination "dopolian won by resignation"]

1. d4 Nf6 2. Nf3 e6 3. Bf4 d5 4. e3 c5 5. c3 Nc6 6. Nbd2 Bd6 7. Bg3 O-O 8. Bb5 Bxg3 9. hxg3 Qd6 10. Bxc6 bxc6 11.
Ne5 Ba6 12. f4 Rab8 13. b3 cxd4 14. cxd4 c5 15. Kf2 cxd4 16. exd4 Rb4 0-1

[Event "*** Titled Tuesday Blitz"]
[Site "Chess.com"]
[Date "2020.05.12"]
[Round "2"]
[White "Y0ung_Capablanca"]
[Black "TudorAnton"]
[Result "1-0"]
[WhiteElo "2706"]
[BlackElo "2473"]
[TimeControl "180+1"]
[EndTime "10:15:48 PDT"]
[Termination "Y0ung_Capablanca won by resignation"]

1. e4 e5 2. Nf3 Nc6 3. Bc4 Bc5 4. c3 Nf6 5. d4 exd4 6. e5 d5 7. Bb5 Ne4 8. cxd4 Bb6 9. Nc3 O-O 10. Be3 Bg4 11.
Qc2 f6 12. Nxe4 dxe4 13. Qxe4 Bxf3 14. gxf3 fxe5 15. Bxc6 bxc6 16. dxe5 Qd5 17. Qxd5+ cxd5 18. f4 d4 19. Bd2 Rae8 20. Ke2 h6 21. h4 d3+ 22. Kxd3 Bxf2 23. Ke4 Rd8 24. Bc3 c5 25. Raf1 Bd4 26. Rd1 Bxc3 27. bxc3 Rb8 28. Rh2 Rf7 29. f5 Re7 30. e6 g6 31. Rg2 Rg7 32. f6 1-0

[Event "*** Titled Tuesday Blitz"]
[Site "Chess.com"]
[Date "2020.05.12"]
[Round "2"]
[White "FMOlexandrProhorov"]
[Black "NZT72"]
[Result "1/2-1/2"]
[WhiteElo "2093"]
[BlackElo "2466"]
[TimeControl "180+1"]
[EndTime "10:15:48 PDT"]
[Termination "Game drawn by agreement"]

1. e4 e5 2. Nf3 Nc6 3. Bb5 Nf6 4.
O-O Nxe4 5. Re1 Nd6 6. Nxe5 Be7 7. Bf1 Nxe5 8. Rxe5 O-O 9. d4 Bf6 10. Re1 Re8 11. c3 Rxe1 12. Qxe1 Ne8 13. Bf4 d5 14. Nd2 c6 15. Bd3 g6 16. Nf3 Ng7 17. Qd2 Bf5 18.
Re1 Bxd3 19. Qxd3 Nf5 20. Ne5 Bg7 21. h3 f6 22. Ng4 Qd7 23. Qe2 Kf7 24. Qd2 Re8 25.
Kf1 Rxe1+ 26. Qxe1 Bf8 27. Qe2 Qe6 28. Qxe6+ Kxe6 29. Ke2 h5 30. Ne3 Nxe3 31. Kxe3 1/2-1/2